[Event "*** Titled Tuesday Blitz"]
[Site "Chess.com"]
[Date "2019.07.02"]
[Round "5"]
[White "ElGasanov"]
[Black "ChessQueen"]
[Result "1-0"]
[WhiteElo "2723"]
[BlackElo "2600"]
[TimeControl "180+2"]
[EndTime "14:08:38 PDT"]
[Termination "ElGasanov won by resignation"]

1. c4 c5 2. Nf3 Nf6 3. Nc3 Nc6 4. e3 e6 5. d4 d5 6. a3 a6 7. dxc5 Bxc5 8. b4 Be7 9. Bb2 O-O 10. Qc2 dxc4 11. Bxc4 Qc7 12. Bd3 h6 13. O-O Bd7 14. Ne4 Nxe4 15. Bxe4 Rfc8 16. Rac1 Qb6 17. Qb1 Be8 18. Qa1 Bf8 19. Ne5 Nxe5 20. Bxe5 Qb5 21. Rfd1 Rxc1 22. Rxc1 Rd8 23. h3 Rd2 24. Rc8 Qd7 25.
Qc3 Rd1+ 26. Kh2 f6 27. Bd4 e5 28. Qb3+ Bf7 29. Rxf8+ Kxf8 30. Qxd1 exd4 31. Qxd4 Qc7+ 32. f4 b6 33. Bd3 a5 34. Bf5 Ke7 35. Kg3 g5 36.
Qe4+ Kf8 37. Qd4 Ke7 38. Kf3 Qc6+ 39. Qe4+ Qxe4+ 40. Kxe4 Kd6 41. Kd4 Bd5 42. e4 Bc6 43.
g3 gxf4 44. gxf4 Bb5 45. e5+ fxe5+ 46. fxe5+ Ke7 47. h4 Bc6 48. bxa5 bxa5 49. Kc5 Be8 50. Kb6 a4 51. Kc5 Bh5 52. Bc2 Be8 53. Kd4 Ke6 54.
Bd3 Bc6 55. Bc4+ Kf5 56. e6 Kf6 57. Kc5 Be8 58. Kd6 1-0

[Event "*** Titled Tuesday Blitz"]
[Site "Chess.com"]
[Date "2019.07.02"]
[Round "5"]
[White "ckgchess"]
[Black "Genghis_K"]
[Result "0-1"]
[WhiteElo "2685"]
[BlackElo "2826"]
[TimeControl "180+2"]
[EndTime "14:08:40 PDT"]
[Termination "Genghis_K won by resignation"]

1. e4 e5 2. Nc3 Nc6 3. g3 Nf6 4. Bg2 Bc5 5. Nge2 O-O 6. O-O d6 7. h3 a6 8. Kh2 Re8 9. d3 h6 10. f4 Nd4 11. f5 c6 12. g4 d5 13. Ng3 Be7 14. h4 Nh7 15. exd5 Bxh4 16. dxc6 bxc6 17.
Nce4 Nb5 18. Be3 Nd6 19. Qe2 Rb8 20. b3 Nxe4 21. Nxe4 Nf6 22. Bc5 Nd5 23. Qf3 Bg5 24.
Rae1 Bf4+ 25. Kg1 Qh4 26. Qh3 Qxh3 27. Bxh3 f6 28. c4 Rd8 29. cxd5 cxd5 30. Nd6 Bd7 31. Bg2 Bc6 32. Rxf4 exf4 33. d4 Rd7 34. Re6 a5 35. Nc4 dxc4 36. Bxc6 cxb3 37. axb3 Rdd8 38. d5 Rdc8 39. d6 Rxc6 40. d7 Rc7 41. Re8+ Kh7 42.
Rxb8 Rxd7 43. Rb5 Rd3 44. Kf2 h5 45. gxh5 Kh6 46. Bf8 Kxh5 47. Bxg7 Kg5 48. Rb6 Kxf5 49. Rxf6+ Ke4 50. Rb6 Rd2+ 51. Ke1 Ra2 52. Re6+ Kd3 53. Bh6 Ra3 54. Bxf4 Rxb3 55. Ra6 Rb4 56. Bc7 a4 57. Rd6+ Kc2 58. Rc6+ Kb3 59. Kd2 Rd4+ 60. Ke3 Rd7 61. Be5 a3 62. Bd4 a2 63. Rb6+ Kc4 64. Bh8 Rd3+ 65.
Ke2 Rh3 66. Be5 Rh5 67. Bg7 Rh7 68. Bb2 Rh2+ 69. Ke3 Rxb2 70. Ra6 Kc3 71. Rc6+ Kb3 72.
Rb6+ Kc2 73. Ra6 Kb1 0-1

[Event "*** Titled Tuesday Blitz"]
[Site "Chess.com"]
[Date "2019.07.02"]
[Round "5"]
[White "axvesik"]
[Black "bubacik"]
[Result "1/2-1/2"]
[WhiteElo "2441"]
[BlackElo "2672"]
[TimeControl "180+2"]
[EndTime "14:08:41 PDT"]
[Termination "Game drawn - insufficient material"]

1. e4 c5 2. Nf3 Nc6 3. d4 cxd4 4. Nxd4 e5 5. Nb5 d6 6. c4 a6 7.
N5c3 Nf6 8. Be2 Be6 9. O-O Rc8 10.
Be3 g6 11. Na3 Bg7 12. Qd2 O-O 13. Rad1 Qa5 14. f3 Nd4 15. Bd3 Nd7 16. Nd5 Qxd2 17.
Rxd2 Rfe8 18. Nc2 Nc5 19. Nxd4 exd4 20. Bf2 Nxd3 21. Rxd3 Rxc4 22. b3 Bxd5 23. exd5 Rc2 24. Bxd4 Bxd4+ 25. Rxd4 Ree2 26. Rg4 Rxa2 27. Rc1 Rad2 28. h4 Rxd5 29. Rc7 h5 30. Rf4 Rf5 31.
Rxf5 gxf5 32. Rxb7 Rb2 33. Rb6 d5 34. Rd6 Kg7 35.
Rxd5 Kf6 36. Ra5 Rxb3 37. Rxa6+ Ke5 38. Kh2 Rb4 39. Kh3 Kf4 40. Rh6 Rb1 41. Kh2 Ke3 42. Rxh5 f4 43. Re5+ Kf2 44. h5 f6 45. Rc5 Rb2 46. h6 Rb7 47. Rh5 Rh7 48. Kh3 f5 49.
Kh4 Kxg2 50. Kg5 Kxf3 51. Kxf5 Kg3 52. Kg6 Rh8 53. h7 f3 54. Rg5+ Kh2 55. Rf5 Kg2 56. Kg7 Rxh7+ 57. Kxh7 f2 58. Rxf2+ Kxf2 1/2-1/2

[Event "*** Titled Tuesday Blitz"]
[Site "Chess.com"]
[Date "2019.07.02"]
[Round "5"]
[White "AlexanderKing"]
[Black "Blitzstream"]
[Result "0-1"]
[WhiteElo "2528"]
[BlackElo "2785"]
[TimeControl "180+2"]
[EndTime "14:08:43 PDT"]
[Termination "Blitzstream won by resignation"]

1. d4 d5 2. c4 c6 3. Nf3 Nf6 4. e3 e6 5. b3 Nbd7 6. Bb2 Bd6 7. Bd3 O-O 8. O-O Qe7 9. Ne5 Ne4 10. f3 Bxe5 11. dxe5 Nec5 12. Bc2 dxc4 13. bxc4 b5 14. Qd4 Na4 15. Qe4 g6 16. Qxc6 Rb8 17. Bxa4 bxa4 18.
Ba3 Qg5 19. f4 Qg4 20. h3 Qg3 21. Qf3 Qxf3 22. gxf3 Re8 23. Nc3 Ba6 24. Rfd1 Nb6 25. Bd6 Rbc8 26. c5 Nc4 27. Ne4 Kg7 28. Kf2 Red8 29.
Rab1 Na3 30. Rb4 Bb5 31. Rdd4 a5 32. Rb2 Bc6 33. Nc3 f6 34. Rb6 f5 35. Ra6 Nc2 36.
Rd2 Nb4 37. Rxa5 Ra8 38. Rxa8 Rxa8 39. Rb2 Nd3+ 40. Ke2 Nxb2 41. Be7 Kf7 42. Bd6 Bd5 43.
e4 Bc4+ 44. Ke3 a3 45. c6 Ke8 46. Kd4 Bf1 47. Kc5 Na4+ 48. Nxa4 Rxa4 49. Kb6 Rc4 50. exf5 gxf5 51. Bxa3 Rc2 52. Bd6 Rxa2 53. Kc5 Rc2+ 54. Kb6 Bxh3 55. Bc5 Bg2 56. c7 Kd7 57. Kb7 Rxc5 0-1

[Event "*** Titled Tuesday Blitz"]
[Site "Chess.com"]
[Date "2019.07.02"]
[Round "5"]
[White "WilliamSchill"]
[Black "csati17"]
[Result "1-0"]
[WhiteElo "1963"]
[BlackElo "2499"]
[TimeControl "180+2"]
[EndTime "14:08:47 PDT"]
[Termination "WilliamSchill won by resignation"]

1. e4 e6 2. d4 d5 3. Nc3 Bb4 4. e5 Ne7 5. a3 Bxc3+ 6. bxc3 b6 7. Qg4 Ng6 8. Nf3 Ba6 9. Bxa6 Nxa6 10. h4 h5 11. Qg3 c5 12. Ng5 Qd7 13. Qf3 Rc8 14. Qd3 Qa4 15. Be3 cxd4 16. Bxd4 Nc5 17. Qf3 Qd7 18. g3 Ne4 19. Nxe4 dxe4 20. Qxe4 Qc6 21. Qxc6+ Rxc6 22. a4 f6 23. exf6 e5 24. fxg7 Rg8 25. Be3 Rxg7 26. Bd2 e4 27. Kd1 Rf7 28. Re1 Rc4 29. Re2 Ne5 30. a5 b5 31.
a6 Ng4 32. Be1 Kd7 33. Rb1 Kc6 34. Rb4 Rxb4 35. cxb4 Kd5 36. c3 Rf6 37. Rd2+ Ke5 38. Rd8 Rxa6 39. Re8+ Kd5 40. Rd8+ Ke5 41. Re8+ Re6 42.
Rxe6+ Kxe6 43. Ke2 Kd5 44. f3 exf3+ 45. Kxf3 Kc4 46.
Kf4 Kd3 47. Kg5 Ke2 48. Kxh5 Nf6+ 49. Kg6 Ng4 50. h5 Kxe1 51. h6 Ne5+ 52. Kf5 Nf7 53.
h7 Kd2 54. g4 Kxc3 55. g5 Kxb4 56. g6 Nh6+ 57. Kg5 1-0

[Event "*** Titled Tuesday Blitz"]
[Site "Chess.com"]
[Date "2019.07.02"]
[Round "5"]
[White "maximnovik"]
[Black "BlueWizzard"]
[Result "1/2-1/2"]
[WhiteElo "2464"]
[BlackElo "2703"]
[TimeControl "180+2"]
[EndTime "14:08:48 PDT"]
[Termination "Game drawn - insufficient material"]

1. c4 Nf6 2. Nc3 g6 3. d4 Bg7 4. e4 d6 5. Nf3 Nc6 6. Be2 Nd7 7.
Be3 e5 8. d5 Ne7 9. Nd2 f5 10.
f3 Nf6 11. O-O O-O 12. c5 a6 13. Nc4 Ne8 14. cxd6 Nxd6 15. Nxd6 Qxd6 16. Rc1 Bd7 17. Qb3 b6 18. Rc2 Kh8 19. Rfc1 b5 20. Nd1 c6 21. Bc5 Qf6 22. dxc6 Nxc6 23. Bxf8 Rxf8 24. Rd2 Nd4 25.
Qe3 Be6 26. Nc3 Qh4 27. g3 f4 28. Qf2 fxg3 29. hxg3 Qh3 30. Rcd1 Bh6 31. Rd3 Bg5 32. Bf1 Qh6 33. Nd5 Qg7 34. f4 Bd8 35. Rxd4 exd4 36. Qxd4 Re8 37. Qxg7+ Kxg7 38. Kg2 Ba5 39. Be2 Rc8 40.
Bf3 Rc2+ 41. Kf1 Bh3+ 42. Kg1 Rxb2 43. e5 Rxa2 44. g4 h5 45. gxh5 Bf5 46. hxg6 Rd2 47.
Rxd2 Bxd2 48. Kg2 b4 49. Ne7 Bc2 50. f5 Bh6 51. f6+ Kf8 52. g7+ Bxg7 53. fxg7+ Kxg7 54. Bd5 b3 55. Bxb3 Bxb3 56. Nc6 Kf7 57. Kf2 Ke6 58. Nd4+ Kxe5 59. Nxb3 Kd5 60. Ke2 Kc4 61. Na5+ Kb5 62.
Nb7 Kb4 63. Kd2 Kb5 64. Kc3 Kb6 65. Nd6 a5 66. Nc4+ Kb5 67. Nxa5 1/2-1/2

[Event "*** Titled Tuesday Blitz"]
[Site "Chess.com"]
[Date "2019.07.02"]
[Round "5"]
[White "vpantev"]
[Black "Warerman"]
[Result "0-1"]
[WhiteElo "2599"]
[BlackElo "2445"]
[TimeControl "180+2"]
[EndTime "14:08:49 PDT"]
[Termination "Warerman won by resignation"]

1. d4 Nf6 2. Bf4 e6 3. e3 d5 4. Nf3 Bd6 5. Bg3 O-O 6. c4 Bb4+ 7. Nc3 Ne4 8. Qb3 Bxc3+ 9. bxc3 c6 10. Bd3 Nd7 11.
O-O Nxg3 12. hxg3 dxc4 13. Bxc4 b6 14. a4 Bb7 15. Rfd1 Qe7 16. a5 b5 17. Bd3 a6 18.
c4 e5 19. Bf5 exd4 20. exd4 Nf6 21. Re1 Qc7 22. c5 Bc8 23. Bxc8 Raxc8 24. Ne5 Rfe8 25. Re2 Nd5 26. Rae1 Qxa5 27. Nxc6 Qxe1+ 28. Rxe1 Rxe1+ 29. Kh2 Rxc6 30. g4 Nf6 31. g5 Ne4 32. Qd5 Rc8 33. Qd7 Rf8 34. Qe7 b4 35. c6 b3 36. c7 Rc1 37. Qb4 Rxc7 38. Qxb3 Rd7 39. Qd3 Nxg5 40. Qxa6 Rfd8 41. Qb5 h6 42. f3 Rxd4 43. Qb7 R4d7 44. Qc6 g6 45. Qc1 Kh7 46. Qf4 Ne6 47. Qf6 Ng7 48. Qe5 Nh5 49. Qe4 Rd6 50. Qc4 R8d7 51. Qb3 Nf6 52. Qc4 Kg7 53. Qc3 h5 54. Kg3 Rd5 55. Qb2 Rf5 56. Qc3 Kh7 57. Qb2 Rd3 58. Qa2 Rdd5 59. Qa7 Kg7 60. Qa1 g5 61. Qc3 h4+ 62. Kh3 Kh6 63. Qc8 Kg7 64. Qc3 Rd1 65. Kh2 Rfd5 66. Qe3 R1d3 67. Qc1 Rd2 68. Qc8 Re2 69. f4 g4 70. f5 Rdd2 71.
Qc1 Rxg2+ 72. Kh1 Rge2 73. Qf1 Ne4 74. Qa1+ Kh7 75. Kg1 h3 76. f6 h2+ 0-1

[Event "*** Titled Tuesday Blitz"]
[Site "Chess.com"]
[Date "2019.07.02"]
[Round "5"]
[White "warmoatmeal"]
[Black "Synctel"]
[Result "0-1"]
[WhiteElo "1798"]
[BlackElo "2004"]
[TimeControl "180+2"]
[EndTime "14:08:49 PDT"]
[Termination "Synctel won by resignation"]

1. d4 Nf6 2. Nf3 e6 3. Bf4 d5 4. e3 Bd6 5. Bg3 O-O 6. c3 b6 7.
Nbd2 Ba6 8. Bxa6 Nxa6 9. Qe2 Nb8 10. e4 dxe4 11. Nxe4 Nxe4 12. Qxe4 Nd7 13. O-O Bxg3 14. hxg3 c5 15. Rad1 Qc7 16. dxc5 Nxc5 17. Qe5 Qxe5 18. Nxe5 f6 19. Nc6 Kf7 20. b4 Rfc8 21. b5 a6 22. a4 Rc7 23. Ra1 e5 24. Rfd1 Ne4 25. c4 Nc5 26.
Rd5 axb5 27. Rxc5 bxc5 28. cxb5 Rb7 29. Kf1 Rxb5 30. Nd8+ Ke8 31. Ne6 Kf7 32. Nc7 Rba5 33. Nxa8 Rxa8 34. Ke2 Ke6 35. Kd3 Kd5 36. Kc3 Ra5 37.
Rd1+ Kc6 38. Ra1 h6 39. Kc4 f5 40. f3 e4 41. fxe4 fxe4 42. Ra3 g5 43. g4 Kd6 44. g3 Ke5 45. Kc3 Kd5 46. Ra1 e3 47. Kd3 c4+ 48. Kxe3 Kc5 49. Kd2 Kb4 50. Rb1+ Kxa4 51.
Kc3 Re5 52. Rb4+ Ka5 53. Kd4 Kxb4 54. Kxe5 c3 55. Kf6 c2 56. Kg6 c1=Q 57. Kxh6 Qc5 58.
Kh5 Kc3 59. Kh6 Kd3 60. Kh5 Ke3 61. Kh6 Kf3 62. Kg6 Kxg3 0-1

[Event "*** Titled Tuesday Blitz"]
[Site "Chess.com"]
[Date "2019.07.02"]
[Round "5"]
[White "przemekpiotrowski"]
[Black "Sajkochess"]
[Result "1/2-1/2"]
[WhiteElo "2347"]
[BlackElo "2254"]
[TimeControl "180+2"]
[EndTime "14:08:50 PDT"]
[Termination "Game drawn by repetition"]

1. d4 d5 2. Nf3 Nf6 3. g3 Bf5 4. Bg2 Nbd7 5. O-O e6 6. c4 c6 7.
Nc3 Be7 8. Nh4 Bg6 9. Nxg6 hxg6 10. b3 Qb6 11. Bf4 Ng4 12. h3 g5 13. c5 Qd8 14.
hxg4 gxf4 15. gxf4 Bf6 16. g5 Be7 17. e4 Qc7 18. e5 O-O-O 19. b4 f6 20. g6 fxe5 21. fxe5 Nxe5 22. dxe5 Qxe5 23. Re1 Qxc3 24. Qg4 Bf6 25.
Rac1 Qd4 26. Qxe6+ Kb8 27. b5 Bh4 28. Qe5+ Qxe5 29.
Rxe5 Rhf8 30. Rc2 Bf6 31. Rf5 Bd4 32. Rxf8 Rxf8 33. bxc6 bxc6 34. Kf1 Kc7 35. f3 Rf6 36. Bh3 Rxg6 37. f4 Rg1+ 38. Ke2 Rh1 39. Kd3 Rxh3+ 40. Kxd4 Rf3 41. Ke5 Re3+ 42. Kf5 g6+ 43. Kxg6 d4 44. Rd2 d3 45. f5 Kd7 46. Kf6 Rh3 47. Ke5 Ke7 48. Rg2 Re3+ 49. Kd4 Re2 50. Rg1 Kf6 51. Kxd3 Rxa2 52. Rf1 Ra4 53. Kc3 a5 54. Kb3 Rb4+ 55. Kc3 Rb5 56. Kc4 Rb4+ 57. Kc3 Rb5 58. Kc4 Rb4+ 59.
Kc3 1/2-1/2

[Event "*** Titled Tuesday Blitz"]
[Site "Chess.com"]
[Date "2019.07.02"]
[Round "5"]
[White "SmoothAsAHedgehog"]
[Black "SanchezKelvin"]
[Result "1/2-1/2"]
[WhiteElo "2592"]
[BlackElo "2399"]
[TimeControl "180+2"]
[EndTime "14:08:52 PDT"]
[Termination "Game drawn by agreement"]

1. d4 Nf6 2. c4 g6 3. Nc3 Bg7 4. e4 d6 5. Nf3 O-O 6. Be2 c5 7.
d5 Bg4 8. O-O e6 9. Bf4 exd5 10.
exd5 Nh5 11. Bg5 Bf6 12. Be3 Nd7 13. h3 Bxf3 14. Bxf3 Ng7 15. g4 Be5 16. Bg2 f5 17. f4 Bxc3 18. bxc3 Qa5 19. Qc2 Nb6 20. Qd3 Qa4 21. Rfb1 Qxc4 22. Qxc4 Nxc4 23. Bc1 Rf7 24. Bf1 Nb6 25. c4 Re8 26. Bd3 Re1+ 27. Kf2 Rfe7 28.
Bd2 Rxb1 29. Rxb1 Nc8 30. a4 b6 31. a5 Rb7 32. Bc3 fxg4 33. hxg4 Ne8 34. Kf3 Kf7 35. Rh1 Nf6 36. a6 Re7 37. Rh6 b5 38. g5 Ng8 39.
Rxh7+ Kf8 40. Bxg6 bxc4 41. f5 Nb6 42. f6 Rxh7 43.
Bxh7 Nxd5 44. Be1 Ngxf6 45. gxf6 Kf7 46. Be4 Nxf6 47. Bc3 Nxe4 48. Kxe4 Ke6 49. Ba5 d5+ 50. Ke3 d4+ 51. Ke4 c3 52. Kd3 Kd5 53. Bb6 c4+ 54. Kc2 d3+ 55. Kxc3 Kc6 56. Bxa7 Kb5 57. Be3 Kxa6 58.
Bd2 1/2-1/2

[Event "*** Titled Tuesday Blitz"]
[Site "Chess.com"]
[Date "2019.07.02"]
[Round "5"]
[White "ilm2034"]
[Black "Walter_White_Poland"]
[Result "1-0"]
[WhiteElo "2519"]
[BlackElo "2286"]
[TimeControl "180+2"]
[EndTime "14:08:56 PDT"]
[Termination "ilm2034 won by resignation"]

1. d4 d5 2. c4 e6 3. Nc3 Nf6 4. Nf3 Be7 5. Bg5 O-O 6. e3 b6 7.
Bd3 Bb7 8. O-O Nbd7 9. Bh4 c5 10. dxc5 Nxc5 11. cxd5 Nxd5 12. Bxe7 Qxe7 13. Nxd5 Bxd5 14. Be2 Rfd8 15. Qe1 Qf6 16. b3 h6 17. Qb4 Qb2 18.
Nd4 Ne4 19. Rfb1 Qc3 20. Qxc3 Nxc3 21. Rc1 Nxe2+ 22. Nxe2 Rac8 23. Rxc8 Rxc8 24. Rc1 Rxc1+ 25. Nxc1 e5 26. Kf1 f6 27. f3 Kf7 28. e4 Be6 29. Ke2 Ke7 30. Nd3 Kd6 31. Nb2 a5 32. Kd3 Kc5 33.
Na4+ Kb5 34. Kc3 Kc6 35. Kd3 b5 36. Nc3 Kc5 37. Ne2 b4 38. Ng3 g6 39. Nf1 Bc8 40. Ne3 Ba6+ 41. Kd2 Bb7 42. Ng4 f5 43. exf5 gxf5 44. Nxh6 e4 45. fxe4 Bxe4 46. g3 Bb1 47.
Kc1 Be4 48. Nf7 Kd4 49. h4 Bd5 50. Nd6 Ke5 51. Nc4+ Ke4 52. h5 Kf3 53. h6 Bg8 54. Nd6 Bh7 55. Nf7 Kxg3 56. Ng5 Bg6 57. h7 Bxh7 58.
Nxh7 f4 59. Ng5 f3 60. Kd2 f2 61. Ne4+ Kf3 62. Nxf2 Kxf2 63. Kd3 Ke1 64. Kc4 Kd2 65. Kb5 Kc2 66. Kxa5 1-0

[Event "*** Titled Tuesday Blitz"]
[Site "Chess.com"]
[Date "2019.07.02"]
[Round "5"]
[White "KamilPlichta"]
[Black "Padenie_Zvezd"]
[Result "0-1"]
[WhiteElo "2786"]
[BlackElo "2710"]
[TimeControl "180+2"]
[EndTime "14:08:58 PDT"]
[Termination "Padenie_Zvezd won by resignation"]

1. d4 d5 2. Bg5 c6 3. Nd2 h6 4. Bh4 Qb6 5. Nb3 a5 6. a4 e5 7. e3 e4 8. f3 Bf5 9. fxe4 Bxe4 10. Nf3 Bb4+ 11. Kf2 Ne7 12. Bg3 Nf5 13. Bd3 Nxg3 14. hxg3 Nd7 15. Ng5 Bxd3 16. Qxd3 O-O-O 17. Nf3 Nf6 18. Rh3 Rhe8 19. Ne5 Ne4+ 20. Kg1 f6 21. Nf3 Qc7 22. g4 Qd7 23. c3 Bd6 24. Nxa5 Qxg4 25. Rf1 Re7 26. Nb3 Rde8 27. Nbd2 Ng3 28. Re1 Bf4 29.
Rh4 Qxh4 30. Nxh4 Rxe3 31. Rxe3 Bxe3+ 32. Kh2 Bf4 33. Ng6 Bd6 34. Nf3 Re3 35. Qc2 Re2 36.
Qb1 Rf2 37. Kg1 Re2 38. Ngh4 Re4 39.
Ng6 h5 40. c4 dxc4 41. a5 Kc7 42. Qc2 Re2 43. Qxc4 Rxb2 44. Qf7+ Kb8 45. Qxg7 Rb1+ 46.
Kf2 Rf1+ 47. Ke3 Nf5+ 48. Ke2 Nxg7 49. Kxf1 Ka7 50. Nd2 Ka6 51. Nh4 Bg3 52. Nhf3 Bc7 53. Ne4 Kxa5 54. Nxf6 b5 55. Ke2 Kb4 56. Kd3 Ka3 57.
Nd2 b4 58. Nc4+ Ka2 59. Nd7 b3 60. Nc5 b2 61. Nxb2 Kxb2 62. Na6 Bd6 63. Kc4 Nf5 64. Nc5 Ne3+ 65. Kd3 Bxc5 0-1

[Event "*** Titled Tuesday Blitz"]
[Site "Chess.com"]
[Date "2019.07.02"]
[Round "5"]
[White "Etoilegeniale"]
[Black "GMHess"]
[Result "1-0"]
[WhiteElo "2480"]
[BlackElo "2726"]
[TimeControl "180+2"]
[EndTime "14:08:59 PDT"]
[Termination "Etoilegeniale won by resignation"]

1. e4 d6 2. d4 Nf6 3. Nc3 c6 4. Be3 Nbd7 5. h3 e5 6. Nf3 Be7 7. Be2 O-O 8. O-O Qc7 9. a4 Re8 10. Re1 Nf8 11. a5 Ng6 12. Bc4 h6 13. Bb3 Bf8 14.
Qd2 Nh5 15. dxe5 dxe5 16. Ne2 Nhf4 17. Nxf4 exf4 18. Bd4 c5 19. Bc3 c4 20. Ba4 Rd8 21.
Qe2 Bc5 22. e5 Be6 23. Rad1 Rxd1 24. Rxd1 Rd8 25. Rxd8+ Qxd8 26. Bb5 Qd5 27. Nd2 Nh4 28. Qe4 Bxf2+ 29. Kxf2 Qxb5 30. Qxf4 g5 31. Qd4 Nf5 32.
Qd8+ Kg7 33. Ne4 Qd5 34. Qxd5 Bxd5 35. Nd6 Nxd6 36. exd6+ Kf8 37. Bg7+ Ke8 38. Bxh6 Kd7 39. Bxg5 Kxd6 40. h4 c3 41. bxc3 Be4 42. g4 Bxc2 43.
Ke3 Kd5 44. Kf4 Kc4 45. Bf6 Kb5 46. Bd8 Kc4 47. Bf6 Kb5 48. Bd4 Kxa5 49. Bxa7 Kb5 50. h5 Kc4 51. Bd4 b5 52. Bf6 b4 53. cxb4 Kxb4 54.
g5 Kc5 55. Ke5 Kc6 56. Be7 Kd7 57. Kf6 Ke8 58. Bc5 Bb1 59. Kg7 Kd7 60. h6 Ke6 61. h7 Bxh7 62. Kxh7 Kf5 63. Be7 Kg4 64. Kg7 f5 65. gxf6 1-0

[Event "*** Titled Tuesday Blitz"]
[Site "Chess.com"]
[Date "2019.07.02"]
[Round "5"]
[White "wnstop"]
[Black "SergeiAza"]
[Result "1-0"]
[WhiteElo "2686"]
[BlackElo "2821"]
[TimeControl "180+2"]
[EndTime "14:09:00 PDT"]
[Termination "wnstop won by resignation"]

1. d4 Nf6 2. Nf3 e6 3. Bf4 d5 4. e3 Bd6 5. Bg3 O-O 6. Nbd2 b6 7. c3 Ba6 8. Bxa6 Nxa6 9. Ne5 Nb8 10. O-O Nfd7 11.
Nd3 Bxg3 12. hxg3 c5 13. dxc5 bxc5 14. c4 Nc6 15. Rc1 d4 16. exd4 Nxd4 17. Nb3 Nxb3 18. Qxb3 Qc7 19. Qc3 a5 20. Nf4 Nf6 21. Rfd1 Rfd8 22. b3 h5 23. Qf3 Qe5 24. Nd3 Qg5 25.
Qf4 Qxf4 26. gxf4 Rac8 27. Nb2 g6 28. Na4 Ne4 29. f3 Ng3 30. Kf2 h4 31. Nb6 Rb8 32.
Nd7 Rbc8 33. Rd3 Nh5 34. Rcd1 Re8 35. Ke3 Kg7 36. Rd6 Ng3 37. Kf2 Nf5 38. Ra6 Red8 39. Ra7 Rc6 40. Rd3 Rcc8 41. Nxc5 Rxd3 42. Nxd3 Rd8 43.
Ke2 Ng3+ 44. Kd2 Nf1+ 45. Ke2 Ng3+ 46. Ke3 Nf5+ 47. Kd2 Nd4 48. Kc3 Ne2+ 49. Kc2 Nd4+ 50.
Kd2 Nxf3+ 51. Ke3 Nd4 52. Ne5 Nf5+ 53. Ke2 Nd4+ 54. Kf2 Rf8 55. Rxa5 Nf5 56. Ra7 g5 57. fxg5 Nd6 58. g6 Kf6 59. Nd7+ 1-0

[Event "*** Titled Tuesday Blitz"]
[Site "Chess.com"]
[Date "2019.07.02"]
[Round "5"]
[White "ChessWarrior7197"]
[Black "DanielNaroditsky"]
[Result "0-1"]
[WhiteElo "2840"]
[BlackElo "3030"]
[TimeControl "180+2"]
[EndTime "14:09:02 PDT"]
[Termination "DanielNaroditsky won on time"]

1. e4 e5 2. Nf3 Nc6 3. Nc3 Nf6 4. d4 exd4 5. Nxd4 Bc5 6. Nxc6 bxc6 7. Bd3 d6 8. O-O Ng4 9. h3 Ne5 10. Na4 Bb6 11.
Nxb6 axb6 12. Be2 O-O 13. f4 Nd7 14. Bf3 Nc5 15. Be3 Re8 16. e5 Bb7 17. b4 Nd7 18.
b5 Nf8 19. bxc6 Ba6 20. Re1 dxe5 21. Qxd8 Raxd8 22. fxe5 Ne6 23. Rad1 Bb5 24. Bd5 Rxd5 25. Rxd5 Bxc6 26. Rd2 Ra8 27. c4 h5 28. Rc1 Ra3 29.
Kf2 Kh7 30. g3 Kg6 31. Rb1 Ra4 32. Rc1 Ra3 33. Rb1 Ra5 34. Rb3 Rxe5 35. Ra3 Rf5+ 36. Ke2 Rf3 37. Bc5 Rf5 38. Bf2 Ng5 39. g4 hxg4 40. hxg4 Bf3+ 41. Kf1 Bxg4 42. Rg3 Rf4 43. Rd4 Ne4 44. Ke1 c5 45. Be3 cxd4 46. Bxf4 Nxg3 47. Bxg3 Be6 48. Bc7 Bxc4 49. Bxb6 d3 50. a4 Kf5 51. a5 g5 52. Kd2 Ke4 53. Bd8 g4 54. Ke1 g3 55. Bc7 Kf3 56. Bb6 f5 57. Kd2 f4 58.
Ke1 Kg2 0-1

[Event "*** Titled Tuesday Blitz"]
[Site "Chess.com"]
[Date "2019.07.02"]
[Round "5"]
[White "Infernal_XaM"]
[Black "chessking2151"]
[Result "1-0"]
[WhiteElo "2879"]
[BlackElo "2595"]
[TimeControl "180+2"]
[EndTime "14:09:05 PDT"]
[Termination "Infernal_XaM won by resignation"]

1. c4 Nf6 2. Nc3 e5 3. Nf3 Nc6 4. a3 g6 5. d4 exd4 6. Nxd4 Bg7 7. e3 O-O 8. Be2 Nxd4 9. exd4 d5 10. O-O dxc4 11.
Bxc4 Qd6 12. h3 Bf5 13. Be3 Rfe8 14. Qb3 Qd7 15. Rfe1 Rab8 16. Rad1 Ne4 17. d5 Nd6 18. Bf1 a6 19. Na4 b6 20. Nc3 a5 21. Bf4 h5 22.
Nb5 Rxe1 23. Rxe1 Re8 24. Rxe8+ Nxe8 25. Bc4 Qe7 26. Qe3 Qxe3 27. fxe3 Bxb2 28. Nxc7 Nxc7 29.
Bxc7 Bd7 30. Bxb6 Bxa3 31. Bxa5 Bc5 32. Kf2 f5 33. Kf3 Kf7 34. h4 Ke7 35. Bc7 Kf6 36. Kf4 Bb4 37. Be5+ Kf7 38. d6+ Be6 39. Bb5 Ba5 40.
Bd4 Bd8 41. g3 Bd5 42. Bd7 Bc4 43. e4 fxe4 44. Kxe4 Be6 45. Bb5 Bf6 46. Bxf6 Kxf6 47. Kf4 Bf5 48. Bc4 Bd7 49. Bd3 Be8 50. Be4 Bd7 51.
Bd5 Be8 52. Ke4 Bd7 53. Kd4 Kf5 54. Bc4 Kg4 55. Ke5 Kxg3 56. Be6 Bc6 57. Kf6 Kxh4 58.
Ke7 Kg5 59. Bd7 Bd5 60. Bb5 h4 61. d7 h3 62. d8=Q 1-0

[Event "*** Titled Tuesday Blitz"]
[Site "Chess.com"]
[Date "2019.07.02"]
[Round "5"]
[White "Hikaru"]
[Black "platy3"]
[Result "1-0"]
[WhiteElo "3148"]
[BlackElo "2818"]
[TimeControl "180+2"]
[EndTime "14:09:09 PDT"]
[Termination "Hikaru won by checkmate"]

1. Nf3 d5 2. b3 c5 3. e3 Nf6 4.
Bb2 g6 5. d4 cxd4 6. Nxd4 Bg7 7. Be2 O-O 8. O-O Nc6 9. Nxc6 bxc6 10. c4 a5 11. Nc3 Ba6 12. Qc2 dxc4 13. bxc4 Rb8 14.
Na4 Qc7 15. Rab1 Nd7 16. Ba3 Rfe8 17. Rb3 Be5 18. h3 Rxb3 19. axb3 c5 20. Nc3 Bb7 21. Rd1 Bc6 22. Na4 Qb7 23. Bf1 Bd6 24. Nc3 Rb8 25. Nb5 Be5 26. Bc1 Nf6 27. Bd2 Be4 28. Qa2 Rd8 29. Rc1 Qd7 30. Bxa5 Ra8 31.
Qd2 Qxd2 32. Bxd2 Ra2 33. Bc3 Bxc3 34. Nxc3 Rb2 35. Na4 Rxb3 36. Nxc5 Rb1 37. Rxb1 Bxb1 38. f3 Ne8 39. Na4 Bc2 40. Nc3 Bf5 41. e4 Bd7 42. c5 e6 43. Bb5 Bxb5 44. Nxb5 Kf8 45. e5 Ng7 46. g4 Ke7 47. c6 Ne8 48. f4 f6 49. Kg2 fxe5 50. fxe5 Kd8 51. Kf3 Nc7 52. Nd4 Ke7 53. Ke4 Nd5 54. Kd3 Nf4+ 55.
Kc4 Nxh3 56. Kc5 Nf4 57. Kb6 h5 58. gxh5 gxh5 59. c7 Nd5+ 60. Kb7 Nxc7 61. Kxc7 h4 62. Nf3 h3 63. Kc6 Kf8 64. Kd6 Kg7 65. Kxe6 Kg6 66.
Kd5 Kf5 67. e6 Kf4 68. Nh2 Kg3 69. e7 Kxh2 70. e8=Q Kg1 71. Qe1+ Kg2 72. Qe2+ Kg1 73. Ke4 h2 74. Kf3 h1=Q+ 75. Kg3 Qg2+ 76. Qxg2# 1-0

[Event "*** Titled Tuesday Blitz"]
[Site "Chess.com"]
[Date "2019.07.02"]
[Round "5"]
[White "VladDobrov"]
[Black "IMRosen"]
[Result "1-0"]
[WhiteElo "2847"]
[BlackElo "2580"]
[TimeControl "180+2"]
[EndTime "14:09:12 PDT"]
[Termination "VladDobrov won by resignation"]

1. d4 Nf6 2. c4 Nc6 3. Nf3 e6 4.
Nc3 Bb4 5. Qc2 d6 6. a3 Bxc3+ 7. Qxc3 O-O 8. b4 Qe7 9. Bb2 Re8 10. b5 Nb8 11. e3 Nbd7 12. Be2 e5 13. O-O e4 14. Nd2 Nf8 15. Rae1 Ng6 16. f4 h5 17. d5 Nh4 18.
Kh1 Bg4 19. Bxg4 hxg4 20. f5 Nh5 21. Rf4 Qg5 22. Nxe4 Qh6 23. Rxg4 Nxf5 24. Kg1 Re5 25. Ng3 Nhxg3 26. hxg3 Nxe3 27. Rf4 Rae8 28. Bc1 g5 29. Rd4 Nxd5 30. Rxe5 Nxc3 31. Rxe8+ Kg7 32. Rg4 f6 33. Bb2 Na4 34. Ba1 Qh5 35. Rge4 Nc5 36. Re1 Nd3 37.
Rf1 Ne5 38. Re7+ Kg6 39. Bxe5 dxe5 40. Rxc7 Qe2 41. c5 Qe3+ 42. Kh2 g4 43. Rd1 Qh6+ 44.
Kg1 Qe3+ 45. Kf1 Qb3 46. Rdd7 Qxb5+ 47. Kg1 Kf5 48. Rxb7 Qxc5+ 49. Kh2 a5 50. a4 Qc4 51.
Rb6 Qxa4 52. Rdd6 Ke4 53. Rxf6 Qe8 54. Rbe6 Qh8+ 55. Rh6 Qc8 56. Re7 a4 57. Rhe6 Qc3 58. Ra6 Qc8 59. Rxa4+ Kf5 60. Ra5 Qh8+ 61. Kg1 Qh6 62.
Raxe5+ Kf6 63. R5e6+ Kg5 64. Rxh6 Kxh6 65. Re5 1-0

[Event "*** Titled Tuesday Blitz"]
[Site "Chess.com"]
[Date "2019.07.02"]
[Round "5"]
[White "Oleg_Papayan"]
[Black "Zubrrr"]
[Result "1/2-1/2"]
[WhiteElo "2523"]
[BlackElo "2734"]
[TimeControl "180+2"]
[EndTime "14:09:19 PDT"]
[Termination "Game drawn by agreement"]

1. e4 c5 2. Nf3 d6 3. d4 cxd4 4. Nxd4 Nf6 5. Nc3 a6 6. Be3 e6 7. g4 e5 8. Nf5 h5 9. gxh5 d5 10. Bg5 d4 11. Bxf6 gxf6 12. Ne2 Qb6 13. Bg2 Qxb2 14. O-O Nc6 15. Rb1 Qxa2 16. c3 Bxf5 17. exf5 O-O-O 18. cxd4 exd4 19. Nf4 Rg8 20. Qc1 Bh6 21.
Kh1 Rxg2 22. Kxg2 Rg8+ 23. Kh1 Rg4 24. Rb2 Qa5 25. Rc2 Bxf4 26. Rxc6+ bxc6 27. Qxc6+ Qc7 28. Qe8+ Qd8 29. Qc6+ Qc7 30. Qe8+ Kb7 31. Rb1+ Ka7 32.
Qe4 Qd7 33. h6 Rh4 34. h7 Rxh2+ 35. Kg1 Rxh7 36. Qxf4 Rg7+ 37. Kf1 Rg8 38. Rb4 Rd8 39. Qe4 Qc7 40. Rxd4 Qc1+ 41. Kg2 Rg8+ 42. Kf3 Qh1+ 43. Ke2 Qxe4+ 44. Rxe4 Rb8 45. Rd4 Rb5 46. Rd7+ Kb8 47. Rd6 Ka7 48. Rxf6 Rb7 49. Rd6 a5 50. f6 Rc7 51.
Kd3 Kb7 52. f4 Ka7 53. f5 Rb7 54. Kc4 Rb6 55. Rd7+ Rb7 56. Rd8 Kb6 57. Re8 Rc7+ 58. Kb3 Kc6 59. Re7 Kd6 60. Re8 Rc5 61. Re7 Rxf5 62. Rxf7 Ke6 1/2-1/2